[Event "Prague Festival Challengers 2024"]
[Site "Prague"]
[Date "2024.03.02"]
[Round "5.2"]
[White "Santos Latasa, Jaime"]
[Black "Rodshtein, Maxim"]
[Result "1-0"]
[ECO "B90"]
[WhiteElo "2615"]
[BlackElo "2580"]
[Annotator "TA"]
[PlyCount "97"]
[EventDate "2024.02.22"]
[EventType "tourn"]
[EventCountry "CZE"]
[SourceTitle "playchess.com"]
[Source "ChessBase"]
[SourceQuality "1"]
[TimeControl "40/5400+30:1800+30"]

1. e4 c5 2. Nf3 d6 3. d4 cxd4 4. Nxd4 Nf6 5. Nc3 a6 6. Be3 Ng4 7. Bc1 Nf6 8. h3 e5 9. Nb3 Be6 {[%emt 0:00:27] B90: Sicilian Najdorf: Unusual White 6th moves, 6 Be3 Ng4 and 6 Be3 e5.} 10. Be3 Be7 11. Qd2 {[%emt 0:01:12] 11.Nd5 is the recent fashion.} O-O 12. O-O-O Nbd7 13. g4 b5 14. Kb1 b4 15. Nd5 Bxd5 $1 16. exd5 Nb6 17. Qxb4 Nfxd5 18. Bxb6 $1 Nxb6 19. Qe4 g6 20. f4 d5 21. Qxe5 Bf6 22. Qe1 $146 ({Predecessor:} 22. Qe3 Re8 23. Qd2 Qc7 24. c3 Rab8 25. g5 {½-½ Bauer,R-Bartsch,R Theme 23191 freechess.de 2021}) 22... Qc7 23. Rh2 Rfe8 24. Re2 Rxe2 25. Qxe2 Qxf4 26. Bg2 a5 27. Rf1 Qe5 $1 28. Qxe5 Bxe5 29. Rd1 a4 30. Nd4 a3 (30... Rc8 $11 {remains equal.}) 31. b3 $16 Rc8 32. Rd3 Kg7 33. Ne2 Re8 34. Kc1 $1 (34. Bxd5 Nxd5 35. Rxd5 Bf6 $17) 34... Bf6 35. Kd1 Re5 36. Nd4 h5 37. Nf3 Re4 38. gxh5 gxh5 39. c3 Rf4 40. Ke2 Re4+ 41. Kd1 Rf4 $1 42. Nd4 Kg6 43. Ke2 Bh4 (43... Bxd4 $142 44. cxd4 (44. Rxd4 Rxd4 45. cxd4 Kf5 $11) 44... Rf6) 44. Bf3 $16 Nd7 45. Nc6 $1 (45. Bxd5 Rf2+ 46. Kd1 Rxa2 $11) 45... Nb6 46. Nb4 (46. Bxd5 $2 {is the wrong capture.} Rf2+ 47. Ke3 Rxa2 $19 (47... Nxd5+ 48. Rxd5 Rxa2 49. Ra5 $17)) 46... d4 (46... Rf6 $16 47. Nxd5 (47. Bxd5 Rf2+ 48. Kd1 Nxd5 $11) 47... Nxd5 48. Rxd5 Re6+ 49. Kd2 f5) 47. cxd4 $18 Be7 48. Nc6 Bd6 49. b4 1-0

[Event "Prague Festival Challengers 2024"]
[Site "Prague"]
[Date "2024.03.02"]
[Round "5.3"]
[White "Finek, Vaclav"]
[Black "Gurel, Ediz"]
[Result "0-1"]
[ECO "D11"]
[WhiteElo "2416"]
[BlackElo "2560"]
[Annotator "TA"]
[PlyCount "112"]
[EventDate "2024.02.22"]
[EventType "tourn"]
[EventCountry "CZE"]
[SourceTitle "playchess.com"]
[Source "ChessBase"]
[SourceQuality "1"]
[TimeControl "40/5400+30:1800+30"]

1. d4 d5 2. c4 c6 3. Nf3 Nf6 4. Qc2 g6 5. Bf4 dxc4 6. Qxc4 Bg7 {[%emt 0:00:10] Black is weak on the dark squares} 7. e3 O-O 8. Be2 Be6 9. Qc2 {[%emt 0:00:56] The position is equal.} Qa5+ 10. Qd2 Qxd2+ 11. Nbxd2 {[%emt 0:00:07] [#]} c5 $1 12. dxc5 (12. Ng5 cxd4) 12... Nc6 13. Nd4 Nxd4 14. exd4 Nd5 15. Be3 Nb4 {[%emt 0:00:10] ...Nc2+ is the strong threat.} 16. O-O Nc2 (16... Nxa2 $6 17. Bf3 Rad8 18. d5 (18. Bxb7 Bxd4 19. Bxd4 Rxd4 $11) 18... Rxd5 19. Rxa2 $11) 17. Rad1 Nxd4 18. Bc4 Bf5 19. Bd5 Nc6 20. Nc4 Rfd8 21. Bg5 Kf8 (21... Rxd5 $5 22. Rxd5 Be6 $11) 22. Rfe1 f6 23. Be3 Rd7 (23... Rxd5 $5 24. Rxd5 Be6 $17) 24. Bf3 Rad8 25. Rxd7 Rxd7 26. Rc1 Be6 27. b3 f5 28. g3 Kf7 29. h4 Bf6 30. Kg2 Kg7 31. Re1 Bf7 32. Bf4 Bd5 33. Bxd5 Rxd5 34. Be3 Bc3 35. Rc1 Bb4 $36 {[%emt 0:00:24][%mdl 2048] Keeping White busy.} 36. Nb2 Ba3 37. Rd1 (37. Rc2 $142) 37... Rxd1 $17 38. Nxd1 {[%emt 0:00:06][%mdl 4096] Endgame. KBN-KBN} Bb4 {[%emt 0:00:11] Prevents Nc3.} 39. Nb2 Kf6 40. Nd3 (40. Kf1 $142) 40... e5 41. f3 Ke6 42. Kf1 (42. f4 $2 e4 43. Nxb4 Nxb4) 42... Kd5 43. Ke2 a6 44. Kd1 Ba3 45. g4 fxg4 46. fxg4 Nb4 47. c6 bxc6 (47... Nxd3 $2 {perishes.} 48. c7 $18 (48. cxb7 $2 {loses.} Bd6 $19)) ({But not} 47... Nxc6 48. h5 $19) 48. Nxb4+ Bxb4 $19 {[%emt 0:00:01] KB-KB} 49. h5 {[%emt 0:00:08] [#]} (49. Ke2 $142) 49... gxh5 $1 50. gxh5 e4 51. Bc1 Ke5 52. a3 Be7 {[%emt 0:00:16] And now ...Ke6 would win.} 53. Kc2 Kf5 54. b4 Bg5 {[%emt 0:00:32] ( -> ...Bxc1)} 55. Bb2 Kg4 56. a4 Kxh5 {[%emt 0:00:36] Weighted Error Value: White=0.66/Black=0.09 (flawless) .  Mistake:       	White=3     	---        Inaccurate:     	White=5     	Black=4      OK:         	White=16    	Black=27     Best:        	---       	Black=1      Strong:       	---       	Black=1} 0-1

[Event "Prague Festival Challengers 2024"]
[Site "Prague"]
[Date "2024.03.02"]
[Round "5.4"]
[White "Vaishali, Rameshbabu"]
[Black "L'Ami, Erwin"]
[Result "0-1"]
[ECO "B13"]
[WhiteElo "2481"]
[BlackElo "2627"]
[Annotator "TA"]
[PlyCount "134"]
[EventDate "2024.02.22"]
[EventType "tourn"]
[EventCountry "CZE"]
[SourceTitle "playchess.com"]
[Source "ChessBase"]
[SourceQuality "1"]
[TimeControl "40/5400+30:1800+30"]

1. e4 c6 2. d4 d5 3. exd5 cxd5 4. Bd3 Nf6 5. c3 Bg4 6. Qb3 Qc7 7. h3 Bd7 8. Nf3 e6 9. O-O Bd6 10. Re1 Bc6 11. Qc2 Nbd7 12. b3 O-O 13. Ba3 Bxa3 14. Nxa3 Rfc8 15. Re3 Qa5 16. Qb2 b5 17. b4 Qb6 18. Ne5 a6 19. Nc2 Nf8 20. Rae1 a5 21. bxa5 Qxa5 22. Nb4 Bb7 23. Rf3 Rc7 24. Rxf6 gxf6 25. Ng4 f5 26. Nf6+ Kg7 27. Nh5+ Kh8 28. Qd2 f6 29. Qh6 Rf7 {[%emt 0:02:01] [#]} 30. Bxf5 $2 (30. Re3 $1 $16) 30... Qc7 $1 $15 (30... exf5 $2 31. Re7 $18) 31. Bxe6 Re8 $1 32. Nf4 $1 (32. Nxd5 $2 Bxd5 33. Rb1 Rxe6 $19) 32... Nxe6 33. Rxe6 (33. Nxe6 $2 Qd6 (33... Qxc3 $2 34. Re2 $19) 34. Re3 (34. Qe3 $2 Rfe7 $19) 34... Rxe6 $19) 33... Rxe6 34. Nxe6 Qxc3 35. Nd8 Rg7 36. Qxf6 Qe1+ $1 37. Kh2 Qe7 38. Qxe7 Rxe7 39. f4 Bc8 $1 40. g4 (40. Ndc6 $1 $15 Re2 41. Kg3) 40... Re4 $19 41. f5 Rxd4 42. Nbc6 Re4 43. Nf7+ Kg7 44. Nd6 Re2+ 45. Kg3 Bd7 46. Kf3 $2 (46. Nb8 $17 Be8 47. Kf3) 46... Rxa2 $19 47. Ne5 {[%emt 0:00:39] [#]} Kf6 $2 (47... Ra6 $1 $19 48. f6+ (48. Nb7 b4) 48... Kxf6 49. Nxd7+ Ke7 50. Nxb5 Kxd7) 48. Nxd7+ $11 Ke7 49. Nxb5 Kxd7 50. Kf4 $1 Ra5 51. Nd4 Kd6 52. Nf3 Ra4+ 53. Kg5 $2 (53. Kg3 $1 $11 {and White is okay.}) 53... Re4 $19 54. Kf6 (54. Kh6 $142 Rf4 55. Ne1) 54... d4 $19 55. g5 d3 $1 56. h4 {[%emt 0:01:41] [#]} Rxh4 $2 ({Black should play} 56... Rf4 $3 $19 57. Nd2 Kd5 (57... Rxh4 $2 58. Kg7 $19)) 57. Nd2 $2 (57. Nxh4 d2 58. g6 d1=Q $19 (58... d1=B 59. gxh7 Ba4 60. h8=Q Bb5 61. Qd8+ Kc5 62. Ke7 Bc4 63. f6)) (57. g6 $11 hxg6 58. Nxh4) 57... Rf4 58. Nb1 Kd5 59. Nd2 Rf2 60. Nb1 Ke4 61. Nc3+ {[%emt 0:00:11] [#]} Kd4 $1 62. Nb5+ Kc4 63. Nd6+ Kd5 64. Nb5 d2 65. Nc3+ Kd4 66. Nd1 Rf1 67. Nb2 Rb1 0-1

[Event "Prague Festival Challengers 2024"]
[Site "Prague"]
[Date "2024.03.02"]
[Round "5.5"]
[White "Hrbek, Stepan"]
[Black "Stalmach, Richard"]
[Result "0-1"]
[ECO "D35"]
[WhiteElo "2426"]
[BlackElo "2433"]
[Annotator "RC"]
[PlyCount "136"]
[EventDate "2024.02.22"]
[EventType "tourn"]
[EventCountry "CZE"]
[SourceTitle "playchess.com"]
[Source "ChessBase"]
[SourceQuality "1"]
[TimeControl "40/5400+30:1800+30"]

1. d4 Nf6 2. c4 e6 3. Nc3 d5 4. cxd5 exd5 5. Bg5 c6 6. e3 Bd6 7. Bd3 O-O 8. Nge2 Re8 9. Qc2 h6 10. Bf4 a5 11. O-O Na6 12. a3 Nc7 13. h3 Ne6 14. Bxd6 Qxd6 15. Rad1 h5 16. Rfe1 Bd7 17. Na4 Rad8 18. Qb3 h4 19. Qb6 Nh5 20. Nc5 Ng5 21. Nxd7 Qxd7 22. Nc3 Qc8 23. Be2 Nf6 24. Bf1 Rd6 25. Qxa5 Nh5 26. f4 Nxh3+ 27. gxh3 Rg6+ 28. Kf2 Rg3 29. Ke2 Nxf4+ 30. Kd2 Nxh3 31. Bxh3 Qxh3 32. Qc7 Rg2+ 33. Kc1 Rxe3 34. Kb1 Qf5+ 35. Ka1 Qf2 36. Ne2 Kh7 37. Qd8 Rxe2 38. Rxe2 Qxe2 39. Qxh4+ Kg6 40. Rb1 Qf2 41. Qh1 f5 42. Ka2 f4 43. Qh3 Qe2 44. Qd7 f3 45. Qd6+ Kf5 46. Qd7+ Kg5 47. Qxg7+ Kf4 48. Qxb7 f2 49. Rc1 Rg5 50. Qc7+ Kf3 51. Qxc6 Qd2 52. Rh1 Qxd4 53. Rc1 Qd2 54. Rh1 Rg1 55. Rh3+ Kg2 56. Rc3 f1=Q 57. Qg6+ Kh1 58. Qh5+ Qh2 59. Qxd5+ Qfg2 60. Qb5 Qg8+ 61. Rb3 Qf7 62. Qc6+ Rg2 63. Qc1+ Qg1 64. Qh6+ Rh2 65. Qc6+ Qg2 66. Qc3 Rh3 67. Qe1+ Kh2 68. Qe5+ Rg3 0-1

[Event "Prague Festival Challengers 2024"]
[Site "Prague"]
[Date "2024.03.04"]
[Round "6.1"]
[White "Gurel, Ediz"]
[Black "Stalmach, Richard"]
[Result "1/2-1/2"]
[ECO "B92"]
[WhiteElo "2560"]
[BlackElo "2433"]
[Annotator "TA"]
[PlyCount "76"]
[EventDate "2024.02.22"]
[EventType "tourn"]
[EventCountry "CZE"]
[SourceTitle "playchess.com"]
[Source "ChessBase"]
[SourceQuality "1"]
[TimeControl "40/5400+30:1800+30"]

1. e4 c5 2. Nf3 d6 3. d4 cxd4 4. Nxd4 Nf6 5. Nc3 a6 6. Be2 e5 7. Nb3 Be7 8. Bg5 Be6 9. Bxf6 Bxf6 10. Qd3 O-O 11. Nd5 Be7 12. Rd1 Bxd5 13. Qxd5 Qc7 14. O-O Nd7 15. c3 b5 16. Qd3 Nb6 17. Rfe1 Rfd8 18. g3 Rac8 19. Bg4 Rb8 20. h4 d5 21. exd5 Rxd5 22. Qe4 Rxd1 23. Rxd1 g6 24. Bf3 Nc4 25. Qe2 Rd8 26. Bd5 Nb6 27. Qf3 {[%emt 0:00:36] The position is equal.} Nxd5 28. Rxd5 Rxd5 29. Qxd5 $11 {[%emt 0:00:03][%mdl 4096] Endgame. KQB-KQN} Qd6 30. Qb7 f5 31. Kg2 Bd8 32. Qc8 Kf7 33. Nc5 Qd5+ 34. Kh2 Be7 35. Nxa6 Qf3 36. Kg1 Qd1+ 37. Kg2 {[%emt 0:00:12] Strongly threatening Nc7.} Qd5+ 38. Kg1 Qd1+ {[%emt 0:00:18] A balanced but interesting game.   Weighted Error Value: White=0.05 (flawless) /Black=0.04 (flawless) .  Inaccurate:     	---       	Black=1      OK:         	White=12    	Black=11     Best:        	---       	Black=1} 1/2-1/2

[Event "Prague Festival Challengers 2024"]
[Site "Prague"]
[Date "2024.03.04"]
[Round "6.2"]
[White "L'Ami, Erwin"]
[Black "Hrbek, Stepan"]
[Result "1-0"]
[ECO "A32"]
[WhiteElo "2627"]
[BlackElo "2426"]
[Annotator "TA"]
[PlyCount "89"]
[EventDate "2024.02.22"]
[EventType "tourn"]
[EventCountry "CZE"]
[SourceTitle "playchess.com"]
[Source "ChessBase"]
[SourceQuality "1"]
[TimeControl "40/5400+30:1800+30"]

1. d4 Nf6 2. c4 e6 3. Nf3 c5 4. g3 cxd4 5. Nxd4 Bb4+ 6. Bd2 Bc5 7. Nb3 Be7 8. Bg2 d5 9. Ba5 {[%emt 0:04:18] White is slightly better.} Qd7 10. cxd5 exd5 11. Bc3 O-O 12. Bxf6 Bxf6 13. Nc3 Bxc3+ 14. bxc3 Qc7 15. O-O (15. Bxd5 Bh3 $11) 15... Qxc3 16. Rc1 Qf6 17. Qxd5 Nc6 18. Qb5 Nd4 {[%emt 0:15:03] Black is on the road to losing.} (18... Qb2 $14) 19. Nxd4 $16 Qxd4 20. Rfd1 {[%emt 0:08:15] White is more active.} Qb6 21. Qxb6 axb6 22. Bd5 Ra5 23. Rb1 b5 {[%emt 0:01:04] [#]} 24. Rbc1 $1 Bd7 25. Rc7 $1 (25. Bxb7 $6 Be6 $14) 25... Bc6 26. Bb3 {[%emt 0:00:14][%cal Oc7f7] Hoping for Rxf7!} g5 27. h4 gxh4 28. gxh4 Kg7 (28... b4 $16 29. Rd4 Rf5) 29. Rd4 Raa8 (29... b4 {might work better.} 30. Rg4+ (30. Rxb4 Rf5 $18) 30... Kf6 31. Rxb4 Rf5) 30. f3 $18 h5 {[%emt 0:01:08] [#]} 31. Rf4 $1 Be8 32. Rxb7 Rc8 33. Rf5 Kg6 34. Rg5+ Kh6 35. Kf2 f6 36. Rgg7 Bg6 {[%emt 0:01:23] Prevents Rh7+} 37. Rge7 Rc5 38. Rb6 Bc2 39. e4 Bxb3 40. axb3 {[%emt 0:00:04][%cal Ba2b3,Bb3b4][%mdl 32] KRR-KRR} Kg6 41. b4 Rc4 (41... Rc1 {was called for.} 42. Ree6 (42. Rxb5 Rh1 $18) 42... Rh1) 42. Rxb5 {[%emt 0:00:00] White is clearly winning.} Rc6 43. Kg3 Kh6 44. Reb7 Rc1 45. Rb8 {[%emt 0:00:00] Weighted Error Value: White=0.08 (flawless) /Black=0.29 (precise) .  Mistake:       	---       	Black=4      Inaccurate:     	White=2     	Black=2      OK:         	White=17    	Black=13     Best:        	White=3     	Black=1      Strong:       	White=2     	---} 1-0

[Event "Prague Festival Challengers 2024"]
[Site "Prague"]
[Date "2024.03.04"]
[Round "6.3"]
[White "Rodshtein, Maxim"]
[Black "Korobov, Anton"]
[Result "1-0"]
[ECO "B90"]
[WhiteElo "2580"]
[BlackElo "2663"]
[Annotator "TA"]
[PlyCount "115"]
[EventDate "2024.02.22"]
[EventType "tourn"]
[EventCountry "CZE"]
[SourceTitle "playchess.com"]
[Source "ChessBase"]
[SourceQuality "1"]
[TimeControl "40/5400+30:1800+30"]

1. e4 c5 2. Nf3 d6 3. d4 cxd4 4. Nxd4 Nf6 5. Nc3 a6 6. Be3 e5 7. Nb3 Be6 8. Qd2 Nbd7 9. f3 h5 10. Nd5 {[%emt 0:00:42] B90: Sicilian Najdorf: Unusual White 6th moves, 6 Be3 Ng4 and 6 Be3 e5.} Nxd5 11. exd5 Bf5 12. Be2 Rc8 13. c4 b6 14. O-O g6 $146 ({Predecessor:} 14... h4 15. Rac1 Qf6 16. c5 bxc5 17. Bxa6 Ra8 18. Bb5 Be7 19. Na5 O-O 20. a4 Qg6 21. Nc6 Bf6 22. b4 e4 23. fxe4 Bxe4 24. Rxf6 Qxf6 25. Bg5 {1-0 Palac,M (2584)-Gabuzyan,H (2565) Padova op-A 17th 2014 (5)}) 15. f4 Bg7 16. Rac1 O-O 17. fxe5 Nxe5 18. h3 Re8 19. Nd4 Bd7 20. Bg5 Qc7 21. Kh1 f5 22. b4 Kh7 23. Bf4 Qd8 24. Nf3 Nf7 (24... Nxf3 $5 25. Rxf3 Re4 $14) 25. Bd3 Bf6 26. Qf2 Kg7 27. Be3 Rb8 28. Nd4 Bh4 29. Qd2 (29. Qg1 $5) 29... Rxe3 30. Qxe3 Bg5 31. Qf2 Bxc1 32. Rxc1 Qf6 33. Nf3 (33. b5 $1 $14) 33... f4 34. Rf1 g5 35. Bb1 Re8 36. Qc2 g4 37. Qh7+ Kf8 38. hxg4 Bxg4 (38... hxg4 39. Nh4 Ne5 40. Ng6+ Nxg6 41. Bxg6) 39. Qg6 Qxg6 40. Bxg6 Re3 41. Nd4 Ne5 42. Rxf4+ Kg7 43. Bf5 Kh6 44. Bxg4 Re1+ 45. Kh2 Nxg4+ 46. Kg3 Rc1 47. Re4 (47. Nf5+ Kg5 $11) 47... Kg5 48. Ne6+ Kf6 (48... Kg6 $1 $11 {keeps the balance.}) 49. c5 $1 $16 bxc5 50. bxc5 dxc5 51. d6 Rd1 52. Nxc5 Rd5 {[%emt 0:04:36] [#]} (52... Rxd6 $2 53. Rxg4 Rd5 (53... hxg4 $2 54. Ne4+ Kf5 55. Nxd6+ $18) 54. Rf4+ Kg6 55. Nxa6 $18) 53. Rf4+ $1 (53. Nxa6 Kg5 54. Kf3 Rd3+ 55. Ke2 Rxd6 $14) 53... Kg6 54. Nb7 ({But not} 54. Nxa6 $6 Kg5 $11) (54. d7 $16 Ne5 55. Nxa6) 54... Kg5 $11 55. Rf1 h4+ 56. Kh3 $1 Rd2 $2 {[%emt 0:01:05][%mdl 8192] [#]} (56... Ne5 $11) 57. Nc5 $1 $18 Rd5 58. Ne6+ ({And not} 58. Nxa6 Rd3+ 59. Rf3 Rd1 $11) 1-0

[Event "Prague Festival Challengers 2024"]
[Site "Prague"]
[Date "2024.03.04"]
[Round "6.4"]
[White "Mishra, Abhimanyu"]
[Black "Vaishali, Rameshbabu"]
[Result "1-0"]
[ECO "B31"]
[WhiteElo "2627"]
[BlackElo "2481"]
[Annotator "RC"]
[PlyCount "209"]
[EventDate "2024.02.22"]
[EventType "tourn"]
[EventCountry "CZE"]
[SourceTitle "playchess.com"]
[Source "ChessBase"]
[SourceQuality "1"]
[TimeControl "40/5400+30:1800+30"]

1. e4 c5 2. Nf3 Nc6 3. Bb5 g6 4. O-O Bg7 5. c3 e5 6. d4 cxd4 7. cxd4 exd4 8. Bf4 a6 9. Ba4 Nge7 10. Bd6 b5 11. Bb3 Bb7 12. Re1 Nc8 13. e5 Nxd6 14. exd6+ Kf8 15. h4 Bf6 16. Nbd2 Na5 17. Ne5 Bxe5 18. Rxe5 Qf6 19. Re7 Nxb3 20. Qxb3 Bc6 21. Rae1 Kg7 22. Rxf7+ Qxf7 23. Re7 Qxe7 24. dxe7 Rhe8 25. Qb4 Kf7 26. Qxd4 Rxe7 27. f3 Rae8 28. Nb3 Re5 29. Qf4+ Rf5 30. Qh6 Rh5 31. Qf4+ Rf5 32. Qd2 Rd5 33. Nd4 Re7 34. b4 h5 35. Kf2 Kg7 36. Qc3 Kh7 37. Ne2 Rf5 38. Qd2 Ree5 39. Nf4 g5 40. Nxh5 gxh4 41. Nf4 Rf6 42. Nh3 Ref5 43. Kg1 Rg6 44. Kh2 Rff6 45. Qe1 Rh6 46. Qe5 Kg7 47. Nf2 Rhg6 48. Ng4 Rxg4 49. fxg4 Kf7 50. Kh3 Re6 51. Qh5+ Kg7 52. Qg5+ Kf7 53. Qxh4 Re3+ 54. g3 Re6 55. Qh7+ Ke8 56. Kh4 Kd8 57. Kh5 Kc7 58. Qf7 Be4 59. g5 Kd6 60. g4 Bb1 61. Qf8+ Kc7 62. Qc5+ Kd8 63. Qf8+ Kc7 64. a3 Be4 65. Qg8 Kd6 66. Qc8 Ke7 67. Qb8 Rc6 68. Qg8 d5 69. Qg7+ Ke8 70. Kh4 Rd6 71. Kg3 Bg6 72. Qc7 Re6 73. Qc8+ Ke7 74. Qb7+ Kf8 75. Qxd5 Bf7 76. Qd4 Kg8 77. Kf4 Kh7 78. Kf5 Kg8 79. Qd7 Rg6 80. Qd8+ Kg7 81. Qc8 Rd6 82. Qb8 Re6 83. Qa7 Kg8 84. Qd4 Rg6 85. Qe4 Kg7 86. Qb7 Re6 87. Qh1 Rg6 88. Qc1 Re6 89. Qc3+ Kh7 90. Qc8 Rg6 91. Qf8 Be6+ 92. Ke5 Bc4 93. Kf4 Ba2 94. Kg3 Rg7 95. Kh4 Bf7 96. g6+ Bxg6 97. Qd6 Bf7 98. Qxa6 Bc4 99. a4 Be2 100. g5 Bc4 101. a5 Bd3 102. Qc6 Bc4 103. a6 Rg6 104. Qb7+ Rg7 105. Qe4+ 1-0

[Event "Prague Festival Challengers 2024"]
[Site "Prague"]
[Date "2024.03.04"]
[Round "6.5"]
[White "Finek, Vaclav"]
[Black "Santos Latasa, Jaime"]
[Result "0-1"]
[ECO "E11"]
[WhiteElo "2416"]
[BlackElo "2615"]
[Annotator "TA"]
[PlyCount "114"]
[EventDate "2024.02.22"]
[EventType "tourn"]
[EventCountry "CZE"]
[SourceTitle "playchess.com"]
[Source "ChessBase"]
[SourceQuality "1"]
[TimeControl "40/5400+30:1800+30"]

1. d4 Nf6 2. c4 e6 3. Nf3 d5 4. g3 Bb4+ 5. Bd2 Be7 6. Bg2 O-O 7. O-O Nbd7 8. Bc3 {[%emt 0:00:12] E11: Bogo-Indian.} b6 9. cxd5 exd5 10. Bd2 Bb7 11. Nc3 Re8 12. Bf4 Nf8 13. e3 $146 ({Predecessor:} 13. Rc1 Ne6 14. Be3 c5 15. Ng5 c4 16. Nxe6 fxe6 17. Bf4 a6 18. Qc2 b5 19. a3 Qb6 20. e4 Qxd4 {1-0 Donchenko,A (2627)-Deac,B (2700) Titled Tuesday intern op 03rd Jan Early blitz 2023 (3)}) 13... Ne6 14. Rc1 Bb4 15. h4 h6 16. Be5 Ne4 17. h5 c5 18. dxc5 bxc5 19. Qb3 Bc6 ({Black should play} 19... Bxc3 $15 20. Bxc3 Qe7) 20. Nxe4 dxe4 21. Rfd1 Qa5 $1 22. Nh4 Ng5 (22... Ba4 $15 23. Qc4 Bxd1 24. Rxd1 Ng5) 23. Bc3 {[%emt 0:07:59] [#]} (23. a3 $1 $11 {keeps the balance.} Rxe5 24. axb4) 23... Ba4 $1 $17 24. Bxb4 {[%emt 0:00:08] [#]} Qa6 $1 25. Bf1 ({But not} 25. Qa3 $2 cxb4 26. Qxb4 Bxd1 27. Rxd1 Rab8 $19 (27... Qxa2 $2 28. Qd4 $19)) 25... Bxb3 26. Bxa6 Bxd1 27. Bxc5 Bxh5 28. Nf5 Re6 29. Bc4 (29. Ne7+ $142 Kh7 30. Bc8) 29... Rf6 $19 30. Ne7+ Kh8 31. b4 (31. Kf1 {is a better defense.}) 31... Bg4 $19 32. Kg2 Bh3+ 33. Kg1 Nf3+ 34. Kh1 Nd2 (34... Rd8 $142 {...Rd2 is the strong threat.} 35. Nd5 Rf5) 35. Kg1 $19 Nxc4 36. Rxc4 Ra6 37. Rxe4 Be6 38. Rd4 Rxa2 39. g4 (39. Nc6 $142) 39... Rc2 40. Bd6 Rd8 41. Nf5 $2 (41. g5 {was called for.}) 41... Bxf5 $19 42. gxf5 Rc6 43. Be7 Rxd4 44. exd4 Rc3 45. Kg2 f6 46. f3 Kg8 47. Kg3 h5 48. Kf4 a6 49. Bc5 Kf7 50. Bd6 Ke8 51. Kg3 Rc1 52. Kg2 Kd7 53. Bf8 Rc8 54. Bc5 h4 55. Kh2 Rh8 56. Kh3 Rh5 57. Bf8 Ke8 0-1

[Event "Prague Festival Challengers 2024"]
[Site "Prague"]
[Date "2024.03.05"]
[Round "7.1"]
[White "Santos Latasa, Jaime"]
[Black "Gurel, Ediz"]
[Result "1/2-1/2"]
[ECO "A11"]
[WhiteElo "2615"]
[BlackElo "2560"]
[Annotator "TA"]
[PlyCount "55"]
[EventDate "2024.02.22"]
[EventType "tourn"]
[EventCountry "CZE"]
[SourceTitle "playchess.com"]
[Source "ChessBase"]
[SourceQuality "1"]
[TimeControl "40/5400+30:1800+30"]

1. c4 c6 2. Nf3 d5 3. e3 Nf6 4. Qc2 e6 5. b3 Bd6 6. Bb2 O-O 7. Be2 Qe7 8. d4 {[%emt 0:00:51] The position is equal.} b6 9. O-O Bb7 10. Nbd2 Nbd7 11. Ne5 Rac8 12. Bd3 c5 13. Nxd7 Qxd7 14. Qd1 cxd4 15. Bxd4 e5 {[%emt 0:01:50] [#] White must now prevent ...dxc4.} 16. Bb2 Bb8 {[%emt 0:06:19] ...Rcd8 would now be deadly.} 17. Qe2 (17. Be2 $11 {is superior.}) 17... dxc4 (17... d4 $17 {And now ...dxe3 would win.} 18. e4 Bd6) 18. Bxc4 $11 Qf5 19. Rac1 Rfd8 20. Rfd1 h5 21. Nf3 Rxd1+ 22. Rxd1 g5 23. Ne1 g4 24. Bd3 Qe6 (24... Qg5 $11) 25. Bc4 Qf5 26. Bd3 Qe6 27. Bc4 Qf5 28. Bd3 {[%emt 0:00:05] Weighted Error Value: White=0.19 (very precise) /Black=0.11 (very precise) .  Mistake:       	White=1     	Black=2      Inaccurate:     	White=1     	---        OK:         	White=1     	Black=11     Best:        	White=1     	---} 1/2-1/2

[Event "Prague Festival Challengers 2024"]
[Site "Prague"]
[Date "2024.03.05"]
[Round "7.2"]
[White "Stalmach, Richard"]
[Black "L'Ami, Erwin"]
[Result "0-1"]
[ECO "A13"]
[WhiteElo "2433"]
[BlackElo "2627"]
[Annotator "TA"]
[PlyCount "114"]
[EventDate "2024.02.22"]
[EventType "tourn"]
[EventCountry "CZE"]
[SourceTitle "playchess.com"]
[Source "ChessBase"]
[SourceQuality "1"]
[TimeControl "40/5400+30:1800+30"]

1. c4 e6 2. g3 d5 3. Bg2 d4 4. Nf3 c5 5. e3 Nc6 6. d3 {[%emt 0:00:41] A13: English Opening: 1...e6.} Nf6 7. O-O h6 8. exd4 cxd4 9. Bf4 g5 $5 {[%emt 0:05:50][%mdl 4] 9...Nd7 gains popularity. A promising side line.} 10. Bd2 Nd7 $146 ({Predecessor:} 10... a5 11. Na3 Bg7 12. Nb5 O-O 13. Qe2 e5 14. Nxe5 Re8 15. Nxc6 bxc6 16. Qf3 Ra6 17. Nxd4 Bg4 18. Nxc6 Qc7 19. Bf4 Qc8 20. Bh3 Bxh3 21. Nb8 Rae6 {0-1 Ingebretsen,J (2249)-Vitenberg,N (2246) NOR-chT Elite 1920 2019 (2.1)}) 11. Na3 g4 12. Nh4 h5 13. f3 Nde5 14. Qe2 Be7 15. f4 Ng6 16. Nxg6 fxg6 17. Rae1 O-O 18. h3 (18. Nc2 $16) 18... gxh3 $14 19. Bxh3 e5 20. f5 Bxa3 (20... Bxf5 $5 21. Bxf5 gxf5 $16) 21. bxa3 Qe8 (21... Rxf5 $11 22. Bxf5 Bxf5) 22. Bh6 (22. g4 $16) 22... Rxf5 $1 $11 23. Bxf5 Bxf5 24. Rf2 Qf7 (24... Rd8 $11) 25. Ref1 $1 $16 Kh7 (25... Qh7 $142 26. Rxf5 gxf5 27. Qxh5 Qf7) 26. Bc1 $16 Rf8 27. g4 $1 hxg4 28. Qxg4 Qe6 $2 (28... Qd7 $16 {is more resistant.} 29. Qg5 Rf7) 29. Qh4+ $18 Kg8 30. Rh2 Kf7 31. Qh7+ Ke8 32. Qxb7 Qd7 33. Qa8+ Kf7 34. Rh7+ Ke6 35. Qxf8 Qxh7 36. a4 Qe7 37. Qc8+ Qd7 {[%emt 0:00:07] [#]} 38. Qg8+ $1 Kd6 39. Ba3+ (39. c5+ $18 Kxc5 40. Qc4+ Kd6 41. Ba3+ Kc7 42. Rc1) 39... Kc7 $16 40. Bc5 Qd8 41. Qh7+ ({But not} 41. Qxd8+ Nxd8 42. Re1 (42. Bxa7 Bxd3 43. Rf6 Nc6 $14) 42... Bxd3) 41... Qd7 42. Qg8 Qd8 $1 43. Qf7+ Qd7 44. Qf8 Qd8 {[%emt 0:02:53] [#]} 45. Qh6 $1 Qd7 46. Qf8 Qd8 $1 47. Qh6 ({Better is} 47. Qxd8+ $16 Nxd8 48. Re1 (48. Bxa7 Kb7 $16)) 47... Kb7 (47... Qd7 $1 $11 {keeps the balance.}) 48. Rb1+ Ka6 49. Qh7 (49. Rd1 $16) 49... Qg5+ $11 ({Weaker is} 49... Bxd3 50. Qb7+ Ka5 51. Qb5#) 50. Kh1 Qh5+ 51. Qxh5 gxh5 52. Rb3 Na5 53. Rb5 Bxd3 54. Bxa7 (54. Bb4 $11 {remains equal.} Nxc4 55. Rc5) 54... Nxc4 $17 55. Bb8 $2 (55. Bc5 $15) 55... Be4+ $19 56. Kh2 d3 57. Rb1 d2 0-1